 Dungeon Crawl Stone Soup version 0.21.1-1-g345015f (webtiles) character file.

65 inc the Chiller (level 3, 10/14 HPs)
             Began as a Felid Ice Elementalist on Feb 26, 2018.
             Quit the game on level 5 of the Dungeon.
             The game lasted 00:05:55 (3612 turns).

inc the Chiller (Felid Ice Elementalist)            Turns: 3612, Time: 00:05:56

Health: 10/14      AC:  1    Str:  4    XL:     3   Next: 94%
Magic:  7/7        EV: 18    Int: 17    God:
Gold:   121        SH:  0    Dex: 16    Spells: 2/6 levels left
                                        Lives:  0   Deaths: 1

rFire    . . .     SeeInvis +   (weapon unavailable)
rCold    . . .     Gourm    .   (shield unavailable)
rNeg     . . .     Faith    .   (armour unavailable)
rPois    .         Spirit   .   (helmet unavailable)
rElec    .         Reflect  .   (cloak unavailable)
rCorr    .         Harm     .   (gloves unavailable)
MR       .....                  (boots unavailable)
Stlth    +++.......             (no amulet)
HPRegen  0.04/turn              (no ring)
MPRegen  0.10/turn              (no ring)

@: quick
A: very small, no armour, no weapons or thrown items, stealth, claws 1, fangs 3,
see invisible, carnivore, speed 1, shaggy fur 1, slow metabolism 1, sharp paws
a: no special abilities


You were on level 5 of the Dungeon.
You were not hungry.

You visited 1 branch of the dungeon, and saw 5 of its levels.

You collected 121 gold pieces.

Inventory:

Wands
 h - a wand of flame (9)
 l - a wand of iceblast (14)
Scrolls
 f - a scroll of teleportation {unknown}
 g - 3 scrolls of identify {unknown}
 i - a scroll of blinking {unknown}
 k - a scroll of remove curse {unknown}
 m - 3 scrolls of immolation {unknown}
Potions
 c - a potion of curing {unknown}
 d - a potion of haste {unknown}
 e - a potion of mutation {unknown}
 j - a potion of agility {unknown}
 n - a potion of invisibility {unknown}
Books
 a - a book of Frost

   Spells                             Type                      Level
   a - Freeze                         Ice                          1
   b - Throw Frost                    Conjuration/Ice              2
   c - Ozocubu's Armour               Charms/Ice                   3
   d - Throw Icicle                   Conjuration/Ice              4
   e - Summon Ice Beast               Ice/Summoning                4
Comestibles
 b - 3 rations


   Skills:
 - Level 2.6 Dodging
 - Level 2.6 Stealth
 - Level 2.0 Spellcasting
   Level 0.8 Conjurations
 + Level 1.1 Charms
 - Level 5.0 Ice Magic


You had 2 spell levels left.
You knew the following spells:

 Your Spells              Type           Power        Failure   Level  Hunger
a - Freeze                Ice            ###.         2%          1    #......
b - Ozocubu's Armour      Chrm/Ice       ##......     16%         3    ###....


Dungeon Overview and Level Annotations

Branches:
Dungeon (5/15)
 Temple: D:4-7

Altars:
Hepliaklqana

Annotations:
D:2 Grinder, Terence


Innate Abilities, Weirdness & Mutations

You cannot wear armour.
You are incapable of wielding weapons or throwing items.
Your paws allow you to move quietly. (Stealth)
You have sharp claws.
You have razor-sharp teeth.
You have supernaturally acute eyesight. (SInv)
You are carnivorous and can eat meat at any time.
You cover ground quickly.
You are covered in fur. (AC +1)
You have a slow metabolism.
Your sharp claws are effective at attacking unaware monsters.


Message History

You are now level 3!
You rejoin the land of the living...
You open the door.
A worker ant and a skeleton come into view.
A quasit comes into view.
There is an open door here.
The worker ant twitches its antennae in your direction.
Found a scroll labeled VIBYGA XUTRU.
You barely miss the bullfrog skeleton. The bullfrog skeleton misses you.
You scratch the bullfrog skeleton.
The bullfrog skeleton is lightly damaged.
The bullfrog skeleton closely misses you.
The quasit bites you.
The quasit claws you but does no damage.
The quasit completely misses you. The quasit misses you. The quasit claws you.
The quasit completely misses you. The bullfrog skeleton misses you.
Saving game... please wait.
Welcome back, inc the Felid Ice Elementalist.
Press ? for a list of commands and other information.
Are you sure you want to abandon this character and quit the game? (Confirm with "yes".)

####
########..###########
..........#........?.
#########.#.≈≈≈≈≈≈≈≈≈
#.#.≈≈≈≈≈≈≈≈≈
#.'.≈≈≈≈≈≈≈≈≈
###.a≈≈≈≈≈≈≈≈
#.5@Z......
###########


You could see a worker ant, a quasit and a bullfrog skeleton.

Vanquished Creatures
  A howler monkey (D:3)
  Jessica (D:2)
  An adder (D:4)
  An ooze (D:2)
  A worm (D:4)
  A dart slug (D:3)
  A leopard gecko (D:3)
  2 orcs (D:4)
  4 goblins
  10 hobgoblins
  4 jackals
  A quokka (D:2)
  3 ball pythons
  5 bats
  2 frilled lizards
  2 kobolds
  7 rats
47 creatures vanquished.

Vanquished Creatures (others)
  4 toadstools (D:1)
4 creatures vanquished.

Grand Total: 51 creatures vanquished

Notes
Turn   | Place    | Note
-------+----------+-------------------------------------------
     0 | D:1      | inc the Felid Ice Elementalist began the quest for the Orb.
     0 | D:1      | Reached XP level 1. HP: 7/7 MP: 4/4
   206 | D:1      | Reached skill level 3 in Ice Magic
   475 | D:1      | Reached XP level 2. HP: 3/11 MP: 0/6
  1502 | D:2      | Found a hazy altar of Hepliaklqana.
  1843 | D:2      | Noticed Terence
  1855 | D:3      | Noticed Grinder
  2229 | D:2      | Reached XP level 3. HP: 5/14 MP: 3/7
  2445 | D:2      | Noticed Jessica
  2452 | D:2      | Killed Jessica
  2452 | D:2      | Reached skill level 4 in Ice Magic
  2954 | D:4      | Reached XP level 4. HP: 13/18 MP: 4/8
  3182 | D:3      | Found a faded altar of an unknown god.
  3333 | D:3      | Reached skill level 5 in Ice Magic
  3448 | D:3      | Learned a level 3 spell: Ozocubu's Armour
  3507 | D:4      | Reached skill level 1 in Charms
  3537 | D:4      | Noticed a phantom
  3545 | D:5      | Entered Level 5 of the Dungeon
  3595 | D:5      | Noticed a centaur
  3600 | D:5      | Slain by a hound
  3601 | D:5      | Reached XP level 3. HP: -2/14 MP: 3/7
  3612 | D:5      | Quit the game

Skill      XL: |  1  2  3  4 |
---------------+-------------+-----
Ice Magic      | 3 4 5 |  5.0
Charms         | 1 |  1.1
Dodging        | |  2.6
Stealth        | |  2.6
Spellcasting   | |  2.0
Conjurations   | |  0.8

Action                   |  1- 3 |  4- 6 || total
-------------------------+-------+-------++-------
Melee: Unarmed           |    27 |     1 ||    28
       Bite              |     2 |       ||     2
 Cast: Freeze            |    40 |    27 ||    67
       Ozocubu's Armour  |       |     3 ||     3
 Stab: Sleeping          |    11 |       ||    11
  Eat: Ration            |     1 |       ||     1
       Chunk             |     3 |     1 ||     4
Armor: Skin              |     2 |     1 ||     3
Dodge: Dodged            |    46 |    31 ||    77
